SNL (28 & UNDER)
GAINESVILLE GUIDOS @ KEY WEST BARRACUDAS
05/03/2023
 
TOP OF THE 1ST
Gainesville Guidos batting - Pitching for Key West Barracudas : RHP Cade Baird
Pitching: RHP Cade Baird
Batting: RHB Adrian Prouse 0-0: Ground out 4-3 (Groundball, 4)
Batting: RHB Juan Carlos Alfonzo 0-0: Foul Ball, location: 2F
0-1: Ball
1-1: Foul Ball, location: 2F
1-2: Foul Ball, location: 2F
1-2: Strikes out swinging
Batting: RHB José Fernández 0-0: Foul Ball, location: 2F
0-1: Ball
1-1: Foul Ball, location: 2F
1-2: SINGLE (Line Drive, 6MD)
Batting: LHB Sergio Barrón 0-0: Ball
1-0: Ball
2-0: Called Strike
2-1: Foul Ball, location: 2F
2-2: Foul Ball, location: 2F
2-2: Ball
3-2: DOUBLE (Groundball, 3L)
José Fernández to third
José Fernández scores
Batting: RHB Victor Andrews 0-0: Ball
1-0: Ball
2-0: Called Strike
2-1: Ball
3-1: Fly out, F5 (Line Drive, 5L)
Top of the 1st over - 1 run(s), 2 hit(s), 0 error(s), 1 left on base; Gainesville 1 - Key West 0
BOTTOM OF THE 1ST
Key West Barracudas batting - Pitching for Gainesville Guidos : LHP Bill Moore
Pitching: LHP Bill Moore
Batting: RHB Ramiro Gámez 0-0: Fly out, F7 (Flyball, 7M)
Batting: SHB Patrick Larson 0-0: Ground out 4-3 (Groundball, 4)
Batting: RHB Dave Nelson 0-0: Ball
1-0: Foul Ball, location: 2F
1-1: Ball
2-1: Ball
3-1: Base on Balls
Batting: LHB Víctor Acevedo 0-0: Foul Ball, location: 2F
0-1: Swinging Strike
0-2: Strikes out swinging
Bottom of the 1st over - 0 run(s), 0 hit(s), 0 error(s), 1 left on base; Gainesville 1 - Key West 0
TOP OF THE 2ND
Gainesville Guidos batting - Pitching for Key West Barracudas : RHP Cade Baird
Batting: RHB Jason Saunders 0-0: Ball
1-0: Ball
2-0: Ball
3-0: Called Strike
3-1: Base on Balls
Batting: RHB Pedro Mata 0-0: Ball
1-0: Fly out, F7 (Flyball, 78M)
Batting: LHB António Hernández 0-0: Called Strike
0-1: SINGLE (Flyball, 7S)
Jason Saunders to second
Batting: LHB Mark Owens 0-0: Foul Ball, location: 2F
0-1: Fly out, F8 (Flyball, 8RM)
Batting: RHB Adrian Prouse 0-0: Called Strike
0-1: Ball
1-1: Foul Ball, location: 2F
1-2: Ball
2-2: Ground out 4-3 (Groundball, 34)
Top of the 2nd over - 0 run(s), 1 hit(s), 0 error(s), 2 left on base; Gainesville 1 - Key West 0
BOTTOM OF THE 2ND
Key West Barracudas batting - Pitching for Gainesville Guidos : LHP Bill Moore
Batting: RHB Dan Craft 0-0: Ball
1-0: Foul Ball, location: 2F
1-1: Foul Ball, location: 2F
1-2: Ball
2-2: Ball
3-2: Foul Ball, location: 2F
3-2: Foul Ball, location: 2F
3-2: Strikes out swinging
Batting: RHB Kenny Cole 0-0: Called Strike
0-1: Ball
1-1: Foul Ball, location: 2F
1-2: Strikes out swinging
Batting: LHB Daniel Byrd 0-0: SINGLE (Groundball, 34D)
Batting: RHB Alfredo Pineda 0-0: SINGLE (Groundball, 4M)
Daniel Byrd to second
Runner from 2nd tries for 3rd, SAFE, throw made to third
Batting: RHB Zander Tremblett 0-0: Foul Ball, location: 2F
0-1: Ball
1-1: Ground out 4-3 (Groundball, 4)
Bottom of the 2nd over - 0 run(s), 2 hit(s), 0 error(s), 2 left on base; Gainesville 1 - Key West 0
TOP OF THE 3RD
Gainesville Guidos batting - Pitching for Key West Barracudas : RHP Cade Baird
Batting: RHB Juan Carlos Alfonzo 0-0: SINGLE (Groundball, 6MD)
Batting: RHB José Fernández 0-0: Ball
Throwing error on steal attempt, E2
Juan Carlos Alfonzo to third
1-0: Called Strike
1-1: Ball
2-1: Swinging Strike
2-2: Ball
3-2: Base on Balls
Batting: LHB Sergio Barrón 0-0: Ball
1-0: Ball
2-0: Fly out, F6 (Line Drive, 6)
Batting: RHB Victor Andrews 0-0: Ball
1-0: Foul Ball, location: 2F
1-1: Ball
2-1: Foul Ball, location: 2F
2-2: Grounds into double play, 5-4-3 (Groundball, 5L)
Top of the 3rd over - 0 run(s), 1 hit(s), 1 error(s), 1 left on base; Gainesville 1 - Key West 0
BOTTOM OF THE 3RD
Key West Barracudas batting - Pitching for Gainesville Guidos : LHP Bill Moore
Batting: RHB Ramiro Gámez 0-0: Swinging Strike
0-1: Foul Ball, location: 2F
0-2: Ball
1-2: Ball
2-2: Strikes out looking
Batting: SHB Patrick Larson 0-0: Ground out 5-3 (Groundball, 5)
Batting: RHB Dave Nelson 0-0: Called Strike
0-1: Ball
1-1: Foul Ball, location: 2F
1-2: DOUBLE (Line Drive, 78XD)
Batting: LHB Víctor Acevedo 0-0: Fly out, F7 (Flyball, 7S)
Bottom of the 3rd over - 0 run(s), 1 hit(s), 0 error(s), 1 left on base; Gainesville 1 - Key West 0
TOP OF THE 4TH
Gainesville Guidos batting - Pitching for Key West Barracudas : RHP Cade Baird
Batting: RHB Jason Saunders 0-0: Called Strike
0-1: Ball
1-1: Foul Ball, location: 2F
1-2: Strikes out swinging
Batting: RHB Pedro Mata 0-0: Ball
1-0: Ball
2-0: Called Strike
2-1: Swinging Strike
2-2: Ball
3-2: Base on Balls
Batting: LHB António Hernández 0-0: Called Strike
0-1: Ball
1-1: Ball
2-1: Foul Ball, location: 2F
2-2: Fly out, F5 (Popup, 5L)
Batting: LHB Mark Owens 0-0: Ball
1-0: Ball
2-0: Ground out 4-3 (Groundball, 34)
Top of the 4th over - 0 run(s), 0 hit(s), 0 error(s), 1 left on base; Gainesville 1 - Key West 0
BOTTOM OF THE 4TH
Key West Barracudas batting - Pitching for Gainesville Guidos : LHP Bill Moore
Batting: RHB Dan Craft 0-0: Foul Ball, location: 2F
0-1: Ball
1-1: DOUBLE (Line Drive, 7LS)
Batting: RHB Kenny Cole 0-0: Ball
1-0: Called Strike
1-1: SINGLE (Groundball, 2R) (infield hit)
Dan Craft to third
Batting: LHB Daniel Byrd 0-0: Fielders Choice at 2nd, 3-6 (Groundball, 3)
Dan Craft scores
Batting: RHB Alfredo Pineda 0-0: Foul Ball, location: 2F
0-1: Foul Ball, location: 2F
0-2: Ball
1-2: SINGLE (Line Drive, 34)
Daniel Byrd to second
Batting: RHB Zander Tremblett 0-0: Called Strike
0-1: Foul Ball, location: 2F
0-2: Ball
1-2: Fly out, F8 (Flyball, 8LM)
Batting: RHB Ramiro Gámez 0-0: Called Strike
0-1: Ball
1-1: Ball
2-1: Ball
3-1: DOUBLE (Line Drive, 34D)
Daniel Byrd scores
Alfredo Pineda to third
Runner from 3rd tries for Home, SAFE, no throw or cutoff
Batting: SHB Patrick Larson 0-0: Ball
1-0: Called Strike
1-1: Ball
2-1: Ground out 6-3 (Groundball, 6)
Bottom of the 4th over - 3 run(s), 4 hit(s), 0 error(s), 1 left on base; Gainesville 1 - Key West 3
TOP OF THE 5TH
Gainesville Guidos batting - Pitching for Key West Barracudas : RHP Cade Baird
Batting: RHB Adrian Prouse 0-0: Ball
1-0: Ball
2-0: Ball
3-0: Called Strike
3-1: Base on Balls
Batting: RHB Juan Carlos Alfonzo 0-0: Ball
1-0: Called Strike
1-1: Ball
2-1: Ball
3-1: Grounds into double play, U4-3 (Groundball, 4)
Batting: RHB José Fernández 0-0: Fly out, F8 (Flyball, 89XD)
Top of the 5th over - 0 run(s), 0 hit(s), 0 error(s), 0 left on base; Gainesville 1 - Key West 3
BOTTOM OF THE 5TH
Key West Barracudas batting - Pitching for Gainesville Guidos : LHP Bill Moore
Batting: RHB Dave Nelson 0-0: Foul Ball, location: 2F
0-1: Foul Ball, location: 2F
0-2: Strikes out swinging
Batting: LHB Víctor Acevedo 0-0: SINGLE (Line Drive, 78S)
Batting: RHB Dan Craft 0-0: Ball
1-0: Swinging Strike
1-1: Ball
2-1: Called Strike
2-2: SINGLE (Line Drive, 89S)
Víctor Acevedo to second
Batting: RHB Kenny Cole 0-0: Called Strike
0-1: Ball
1-1: Fielders Choice at 2nd, 6-4 (Groundball, 6M)
Víctor Acevedo to third
Batting: LHB Daniel Byrd 0-0: Fly out, F7 (Flyball, 7M)
Bottom of the 5th over - 0 run(s), 2 hit(s), 0 error(s), 2 left on base; Gainesville 1 - Key West 3
TOP OF THE 6TH
Gainesville Guidos batting - Pitching for Key West Barracudas : RHP Cade Baird
Batting: LHB Sergio Barrón 0-0: Ball
1-0: Foul Ball, location: 2F
1-1: Fly out, F8 (Flyball, 8LD)
Batting: RHB Victor Andrews 0-0: Called Strike
0-1: Swinging Strike
0-2: Strikes out swinging
Batting: RHB Jason Saunders 0-0: SINGLE (Line Drive, 56D)
Batting: RHB Pedro Mata 0-0: Ground out 2-3 (Groundball, 23)
Top of the 6th over - 0 run(s), 1 hit(s), 0 error(s), 1 left on base; Gainesville 1 - Key West 3
BOTTOM OF THE 6TH
Key West Barracudas batting - Pitching for Gainesville Guidos : LHP Bill Moore
Batting: RHB Alfredo Pineda 0-0: Called Strike
0-1: Ball
1-1: Foul Ball, location: 2F
1-2: Strikes out swinging
Batting: RHB Zander Tremblett 0-0: Called Strike
0-1: Ball
Reached via error on a dropped throw, E3
Batting: RHB Ramiro Gámez 0-0: Called Strike
0-1: Ball
1-1: Ball
2-1: Foul Ball, location: 2F
2-2: Ball
3-2: Base on Balls
Zander Tremblett to second
Batting: SHB Patrick Larson 0-0: Called Strike
0-1: Reached on error, E5 (Groundball, 5S)
Zander Tremblett scores
Ramiro Gámez to third
Batting: RHB Dave Nelson 0-0: Called Strike
0-1: Ball
1-1: Foul Ball, location: 2F
1-2: Foul Ball, location: 2F
1-2: Ball
2-2: SINGLE (Groundball, 56D)
Ramiro Gámez scores
Patrick Larson to third
Runner from 3rd tries for Home, SAFE, no throw or cutoff
Pitching: LHP Mike Scott
Batting: LHB Víctor Acevedo 0-0: Called Strike
0-1: Ground out 6-3 (Groundball, 6S)
Dave Nelson to second
Batting: RHB Dan Craft 0-0: Called Strike
0-1: Foul Ball, location: 2F
0-2: Ball
1-2: Strikes out swinging
Bottom of the 6th over - 3 run(s), 1 hit(s), 2 error(s), 1 left on base; Gainesville 1 - Key West 6
TOP OF THE 7TH
Gainesville Guidos batting - Pitching for Key West Barracudas : RHP Cade Baird
Batting: LHB António Hernández 0-0: Called Strike
0-1: Ball
1-1: Ball
2-1: SINGLE (Groundball, 4)
Pitching: RHP Carlos Molina
Batting: LHB Mark Owens 0-0: Ball
1-0: Swinging Strike
1-1: Ball
2-1: Ball
3-1: SINGLE (Line Drive, 4MD)
António Hernández to second
Runner from 2nd tries for 3rd, SAFE, throw made to third
Mark Owens to second
Batting: RHB Adrian Prouse 0-0: Called Strike
0-1: Foul Ball, location: 2F
0-2: Ball
1-2: Foul Ball, location: 2F
1-2: Strikes out swinging
Batting: RHB Juan Carlos Alfonzo 0-0: Ball
1-0: Ball
2-0: Ball
3-0: Base on Balls
Batting: RHB José Fernández 0-0: Called Strike
0-1: Foul Ball, location: 2F
0-2: Ball
1-2: Foul Ball, location: 2F
1-2: SINGLE (Line Drive, 8LS)
António Hernández scores
Mark Owens to third
Juan Carlos Alfonzo to second
Batting: LHB Sergio Barrón 0-0: Called Strike
0-1: Ball
1-1: Ball
2-1: Swinging Strike
2-2: Strikes out swinging
Batting: RHB Victor Andrews 0-0: Ball
1-0: Called Strike
1-1: Called Strike
1-2: Ground out 1-3 (Groundball, 15S)
Top of the 7th over - 1 run(s), 3 hit(s), 0 error(s), 3 left on base; Gainesville 2 - Key West 6
BOTTOM OF THE 7TH
Key West Barracudas batting - Pitching for Gainesville Guidos : LHP Mike Scott
Batting: RHB Kenny Cole 0-0: Fly out, F4 (Popup, 4M)
Batting: LHB Daniel Byrd 0-0: Ball
1-0: Called Strike
1-1: Swinging Strike
1-2: Fly out, F5 (Popup, 5S)
Batting: RHB Alfredo Pineda 0-0: Ball
1-0: Ball
2-0: Called Strike
2-1: Ball
3-1: Foul Ball, location: 2F
3-2: Base on Balls
Batting: RHB Zander Tremblett 0-0: Called Strike
0-1: Swinging Strike
0-2: Foul Ball, location: 2F
0-2: Ground out U3 (Groundball, 3)
Bottom of the 7th over - 0 run(s), 0 hit(s), 0 error(s), 1 left on base; Gainesville 2 - Key West 6
TOP OF THE 8TH
Gainesville Guidos batting - Pitching for Key West Barracudas : RHP Carlos Molina
Batting: RHB Jason Saunders 0-0: Called Strike
0-1: Ball
1-1: SINGLE (Flyball, 7S)
Batting: RHB Pedro Mata 0-0: Called Strike
0-1: Ball
1-1: Ball
2-1: Swinging Strike
2-2: Ball
3-2: Fly out, F7 (Flyball, 78M)
Pitching: RHP José García
Batting: LHB António Hernández 0-0: Ball
1-0: Called Strike
1-1: Called Strike
1-2: Ball
2-2: Strikes out swinging
Batting: LHB Mark Owens 0-0: Foul Ball, location: 2F
0-1: Called Strike
0-2: Foul Ball, location: 2F
0-2: Ball
1-2: Ball
2-2: Foul Ball, location: 2F
2-2: Ball
3-2: Foul Ball, location: 2F
3-2: Strikes out swinging
Top of the 8th over - 0 run(s), 1 hit(s), 0 error(s), 1 left on base; Gainesville 2 - Key West 6
BOTTOM OF THE 8TH
Key West Barracudas batting - Pitching for Gainesville Guidos : LHP Mike Scott
Batting: RHB Ramiro Gámez 0-0: Foul Ball, location: 2F
0-1: Ball
1-1: Ground out 6-3 (Groundball, 6MD)
Pitching: LHP Pedro Flores
Batting: SHB Patrick Larson 0-0: Called Strike
0-1: Called Strike
0-2: Fly out, F9 (Popup, 4D)
Batting: RHB Dave Nelson 0-0: Ball
1-0: Ground out 4-3 (Groundball, 4)
Bottom of the 8th over - 0 run(s), 0 hit(s), 0 error(s), 0 left on base; Gainesville 2 - Key West 6
TOP OF THE 9TH
Gainesville Guidos batting - Pitching for Key West Barracudas : RHP José García
Batting: RHB Adrian Prouse 0-0: SINGLE (Groundball, 3L)
Batting: RHB Juan Carlos Alfonzo 0-0: Swinging Strike
0-1: Foul Ball, location: 2F
0-2: SINGLE (Line Drive, 9S)
Adrian Prouse to second
Pitching: RHP Charlie Alexander
Batting: RHB José Fernández 0-0: Called Strike
0-1: Ground out 5-3 (Groundball, 5S)
Adrian Prouse to third
Juan Carlos Alfonzo to second
Batting: LHB Sergio Barrón 0-0: Ball
1-0: Called Strike
1-1: Ground out 5-3 (Groundball, 56)
Adrian Prouse scores
Batting: RHB Victor Andrews 0-0: Ball
1-0: Ball
2-0: Called Strike
2-1: Ball
3-1: SINGLE (Groundball, 6MD)
Juan Carlos Alfonzo to third
Runner from 3rd tries for Home, SAFE, no throw or cutoff
Pinch Runner at 1st Reynaldo Gallegos:
Pinch Hitting: LHB David Murphy 0-0: Ground out 4-3 (Groundball, 34)
Top of the 9th over - 2 run(s), 3 hit(s), 0 error(s), 1 left on base; Gainesville 4 - Key West 6
This league is powered by Out of the Park Baseball, the baseball management simulation game for PC, Mac and Linux
Wednesday, December 2nd, 2015 - OOTP Baseball 16.8 Build 38